 Dungeon Crawl Stone Soup version 0.30.1-4-g462c640d31 (webtiles) character file.

Game seed: 15734436047167056269

2372 HagarQim the Fighter (level 9, 0/82 HPs)
             Began as a Minotaur Fighter on Sept 13, 2023.
             Was an Initiate of Gozag.
             Succumbed to a hornet's poison
             ... on level 8 of the Dungeon.
             The game lasted 00:13:04 (6339 turns).

HagarQim the Fighter (Minotaur Fighter)             Turns: 6339, Time: 00:13:05

Health: 0/82       AC: 10    Str: 23    XL:     9   Next: 21%
Magic:  8/8        EV: 11    Int:  5    God:    Gozag
Gold:   723        SH:  5    Dex: 12    Spells: 8/8 levels left

rFire   . . .        d - +2 flail (drain)
rCold   + . .        c - +0 buckler
rNeg    . . .        b - +0 scale mail
rPois   .            (helmet restricted)
rElec   .            q - +0 cloak
rCorr   .            (no gloves)
SInv    .            k - +0 pair of boots
Will    .....        (no amulet) Stlth
                     l - ring of protection from cold
HPRegen 0.33/turn    (no ring)
MPRegen 0.11/turn

%: no passive effects
@: lethally poisoned (0 -> -8), slowed, very slow
A: horns 2, retaliatory headbutt
a: Renounce Religion, Potion Petition, Call Merchant, Bribe Branch


You were on level 8 of the Dungeon.
You worshipped Gozag.
Gozag was pleased with you.
You visited 2 branches of the dungeon, and saw 9 of its levels.

You collected 789 gold pieces.
You paid 66 gold pieces to Gozag.

Inventory:

Hand Weapons
 a - a +0 war axe
 d - a +2 flail of draining (weapon)
 t - a +1 long sword of electrocution
Missiles
 x - 3 silver javelins (quivered)
Armour
 b - a +0 scale mail (worn)
 c - a +0 buckler (worn)
 k - a +0 pair of boots (worn)
 q - a +0 cloak (worn)
Jewellery
 l - a ring of protection from cold (left hand)
Scrolls
 e - 3 scrolls of poison
 h - 3 scrolls of enchant weapon {unknown}
 i - a scroll of teleportation {unknown}
 j - 2 scrolls of blinking {unknown}
 s - 3 scrolls of fog {unknown}
 v - 2 scrolls of vulnerability {unknown}
 w - a scroll of fear {unknown}
 y - a scroll of magic mapping {unknown}
 z - 2 scrolls of immolation {unknown}
 A - 4 scrolls of enchant armour {unknown}
Potions
 f - 2 potions of haste
 g - 2 potions of resistance
 m - 2 potions of curing
 n - 4 potions of attraction
 o - a potion of flight {unknown}
 p - a potion of brilliance
 r - a potion of mutation {unknown}
 u - a potion of magic {unknown}


   Skills:
 * Level 8.7 Fighting
 + Level 5.1(7.0) Axes
 + Level 7.5(8.3) Maces & Flails
 + Level 7.3 Armour
 + Level 3.2 Dodging
 + Level 1.5 Stealth
 + Level 5.4 Shields


You had 8 spell levels left.
You didn't know any spells.
Your spell library contained the following spells:

 Spells                   Type           Power      Damage    Failure   Level
 Freeze                   Ice            0%         1d3       82%         1
 Ensorcelled Hibernation  Hex/Ice        0%         N/A       91%         2
 Passwall                 Tmut/Erth      0%         N/A       91%         2
 Frozen Ramparts          Ice            0%         1d1       99%         3
 Hailstorm                Conj/Ice       0%         3d3       99%         3
 Swiftness                Air            0%         N/A       99%         3


Dungeon Overview and Level Annotations

Branches:
Dungeon (8/15)             Temple (1/1) D:4
   Lair: D:8-11

Altars:
Ashenzari
Dithmenos
Fedhas
Gozag
Hepliaklqana
Makhleb
Qazlal
Ru
Sif Muna
Trog
Uskayaw
Vehumet
Wu Jian
Xom
Yredelemnul
Zin
The Shining One

Shops:
D:7 [


Innate Abilities, Weirdness & Mutations

You have a pair of horns on your head.
You reflexively headbutt those who attack you in melee.


Message History

The hornet is severely wounded.
You feel yourself speed up.
You feel sick. The hornet misses you. The hornet closely misses you.
The orc priest looks braver for a moment.
The hornet stings you.
You are more poisoned.
You feel yourself slow down.
You barely miss the hornet.
The hornet is severely wounded.
You feel yourself speed up.
You feel very sick. The hornet stings you!
You are more poisoned.
You feel yourself slow down.
The orc priest calls down the wrath of Beogh upon you.
Beogh smites you!
* * * LOW HITPOINT WARNING * * *
You block the hornet's attack.
You completely miss the hornet.
The hornet is severely wounded.
* * * LOW HITPOINT WARNING * * *
You feel very sick. The hornet closely misses you.
You block the hornet's attack.
Unknown command.
You barely miss the hornet.
You headbutt the hornet, but do no damage.
The hornet is severely wounded.
You feel yourself speed up.
You feel very sick.
The hornet stings you but does no damage.
The hornet stings you!
* * * LOW HITPOINT WARNING * * *
You feel yourself slow down. The hornet barely misses you.
Okay, then.
Unknown command.
Unknown command.
You closely miss the hornet.
The hornet is severely wounded.
You die...
Your body crumbles into a pile of gold.

#......##
#...#...
...... ....
#..# #..#
###..##
#.....# $
{.######@###.#
#......#y# #.#
#.....$..# #.#
.........# #.#
.........# #.#
.........# #.#
.........# #.#
.........# #.#
##.......##
#.#


You could see a hornet (drained).

Vanquished Creatures
  Grinder (D:6)
  Edmund (D:4)
  A water moccasin (D:5)
  A black bear (D:5)
  2 ice beasts
  An ogre (D:5)
  A phantom (D:5)
  2 centaurs
  3 bullfrogs
  3 scorpions
  7 killer bees
  2 howler monkeys (D:7)
  A jelly (D:5)
  2 orc priests
  3 hounds
  A sleepcap (D:6)
  4 iguanas
  2 orc wizards
  6 adders
  11 gnolls
  2 white imps
  3 worms
  2 dart slugs
  12 orcs
  4 bats
  6 endoplasms
  A giant cockroach (D:3)
  4 goblins
  2 hobgoblins
  6 kobolds
  3 quokkas
  6 ball pythons
  3 frilled lizards
  7 rats
116 creatures vanquished.

Notes
Turn   | Place    | Note
-------+----------+-------------------------------------------
     0 | D:1      | HagarQim the Minotaur Fighter began the quest for the Orb.
     0 | D:1      | Reached XP level 1. HP: 19/19 MP: 0/0
   301 | D:1      | Reached skill level 4 in Fighting
   518 | D:1      | Reached XP level 2. HP: 27/27 MP: 1/1
  1015 | D:2      | Reached XP level 3. HP: 34/34 MP: 2/2
  1033 | D:2      | Identified the +1 leather armour of Safaamih {rC+}
  1177 | D:2      | Reached XP level 4. HP: 41/41 MP: 3/3
  1256 | D:2      | Reached skill level 5 in Fighting
  1983 | D:3      | Reached XP level 5. HP: 48/48 MP: 4/4
  2004 | D:3      | Found a faded altar of an unknown god.
  2612 | D:4      | Found a staircase to the Ecumenical Temple.
  2630 | Temple   | Entered the Ecumenical Temple
  2813 | Temple   | Became a worshipper of Gozag Ym Sagoz the Greedy
  2944 | D:4      | Noticed Edmund
  2957 | D:4      | Killed Edmund
  2958 | D:4      | Reached skill level 1 in Dodging
  2958 | D:4      | Reached XP level 6. HP: 42/57 MP: 5/5
  3146 | D:4      | Reached skill level 5 in Armour
  3252 | D:4      | Reached skill level 1 in Maces & Flails
  3408 | D:4      | Reached skill level 5 in Axes
  3780 | D:5      | Entered Level 5 of the Dungeon
  3812 | D:5      | Reached skill level 6 in Fighting
  3814 | D:5      | Reached XP level 7. HP: 41/63 MP: 6/6
  4158 | D:5      | Reached skill level 5 in Shields
  4162 | D:5      | Reached skill level 7 in Fighting
  4162 | D:5      | Reached XP level 8. HP: 68/73 MP: 7/7
  4173 | D:5      | Reached skill level 1 in Stealth
  4511 | D:5      | Reached skill level 5 in Maces & Flails
  4829 | D:6      | Noticed Grinder
  4838 | D:6      | Paralysed by Grinder for 5 turns
  4847 | D:6      | Killed Grinder
  4995 | D:6      | Reached skill level 8 in Fighting
  5610 | D:7      | Found Assipattle's Dragon-Slaying Spoils.
  5811 | D:7      | Reached XP level 9. HP: 67/82 MP: 8/8
  6338 | D:8      | HP: 2/82 [hornet (11)]
  6339 | D:8      | Succumbed to a hornet's poison

Illustrated notes

Levels and vault maps discovered:
D:1:      tarquinn_simple_flora_water_b, layout_loops_ring, st_stairs_6,
          hangedman_feature_mirror
D:2:      layout_basic, roderic_serpentine_path, amcnicky_mini_pool_small
D:3:      layout_loops_ring, ebering_ecumenical_altar_sacrificial,
          wander_ebering_terrifying_dragon_lair
D:4:      layout_gridville, minmay_temple_entry_gardened_gates, uniq_edmund
D:5:      layout_cave_pools
D:6:      layout_loops_ring, uniq_grinder
D:7:      layout_rooms, nicolae_shop_dragon_depot, hangedman_glass_teeth,
          kennysheep_decorative_pillar
D:8:      layout_rooms, slow_altar_1
Temple:   bh_familiar_temple

Skill      XL: |  1  2  3  4  5  6  7  8  9 |
---------------+----------------------------+-----
Fighting       | 4 5 6 7 8 |  8.7
Armour         | 4 5 6 7 |  7.3
Shields        | 4 5 |  5.4
Axes           | 3 4 5 |  5.1
Dodging        | 1 2 3 |  3.2
Maces & Flails | 1 4 6 7 |  7.5
Stealth        | 1 |  1.5

Action                     |  1- 3 |  4- 6 |  7- 9 || total
---------------------------+-------+-------+-------++-------
  Melee: War axe           |    49 |    90 |       ||   139
         Headbutt          |    10 |    12 |    21 ||    43
         Flail             |       |    39 |   138 ||   177
    Use: Scroll            |       |     7 |     1 ||     8
         Potion            |       |     3 |     1 ||     4
   Stab: Distracted        |       |     1 |     1 ||     2
 Armour: Scale mail        |    15 |    69 |    81 ||   165
  Dodge: Dodged            |    12 |    65 |   100 ||   177
  Block: Buckler           |    12 |    33 |    41 ||    86
